 Dungeon Crawl Stone Soup version 0.31.0-32-g396128a36d (webtiles) character file.

Game seed: 16075851564928434402

1736 monsoonserge the Conjurer (level 9, -2/97 HPs)
             Began as a Gnoll Conjurer on Mar 16, 2024.
             Slain by a wyvern (13 damage)
             ... on level 7 of the Dungeon.
             The game lasted 00:18:59 (6270 turns).

monsoonserge the Conjurer (Gnoll Conjurer)          Turns: 6270, Time: 00:19:02

Health: -2/97      AC: 24    Str:  9    XL:     9   Next: 5%
Magic:  0/18       EV:  2    Int: 19    God:
Gold:   307        SH:  0    Dex: 11    Spells: 17/20 levels left

rFire   . . .        B - +5 mace
rCold   . . .        (no shield)
rNeg    . . .        h - melded +0 ring mail of Beyond {rC++ MP+9 Int+3 Dex+3}
rPois   +            a - melded +0 helmet
rElec   .            (cloak currently unavailable)
rCorr   .            (gloves currently unavailable)
SInv    .            f - melded +0 pair of boots
Will    .....        (no amulet)
Stlth   +++          (no ring)
HPRegen 0.36/turn    (no ring)
MPRegen 0.16/turn

%: no passive effects
@: tree-form
A: stationary, stasis, torment immunity, boosted hp, (fangs 1), strong nose,
distributed training
a: no special abilities


You were on level 7 of the Dungeon.
You were a tree.
You visited 1 branch of the dungeon, and saw 7 of its levels.

You collected 307 gold pieces.

Inventory:

Hand Weapons
 l - a +3 dagger
 p - a +0 orcbow
 B - a +5 mace (weapon)
Missiles
 d - 2 javelins
 r - 9 poisoned darts (quivered)
 t - 4 boomerangs
 y - a curare-tipped dart
Armour
 a - a +0 helmet (melded)
 f - a +0 pair of boots (melded)
 h - the +0 ring mail of Beyond (melded) {rC++ MP+9 Int+3 Dex+3}
   (You found it on level 2 of the Dungeon)

   Int+3:     It affects your intelligence (+3).
   Dex+3:     It affects your dexterity (+3).
   rC++:      It greatly protects you from cold.
   MP+9:      It affects your magic capacity (+9).
 A - a +1 leather armour of positive energy
Wands
 u - a wand of flame (25)
Scrolls
 e - a scroll of amnesia {unknown}
 i - 6 scrolls of identify {unknown}
 j - 7 scrolls of teleportation {unknown}
 k - 2 scrolls of vulnerability {unknown}
 m - a scroll of revelation {unknown}
 n - a scroll of butterflies {unknown}
 q - a scroll of fear {unknown}
 w - a scroll of noise {unknown}
 x - 3 scrolls of enchant weapon {unknown}
Potions
 b - a potion of magic
 c - 2 potions of haste
 g - 2 potions of lignification
 o - a potion of enlightenment {unknown}
 s - a potion of attraction {unknown}
 v - a potion of curing {unknown}
 z - a potion of invisibility {unknown}


   Skills:
 + Level 4.0 Fighting
 + Level 4.0 Short Blades
 + Level 4.0 Long Blades
 + Level 4.0 Axes
 + Level 4.0 Maces & Flails
 + Level 4.0 Polearms
 + Level 4.0 Staves
 + Level 4.0 Ranged Weapons
 + Level 4.0 Throwing
 + Level 4.0 Armour
 + Level 6.1 Dodging
 + Level 5.8 Stealth
 + Level 4.0 Shields
 + Level 4.0 Unarmed Combat
 + Level 6.4 Spellcasting
 + Level 7.9 Conjurations
 + Level 3.2 Hexes
 + Level 3.2 Summonings
 + Level 3.2 Necromancy
 + Level 3.2 Translocations
 + Level 3.2 Fire Magic
 + Level 3.2 Ice Magic
 + Level 3.2 Air Magic
 + Level 3.2 Earth Magic
 + Level 3.2 Alchemy
 + Level 4.4 Invocations
 + Level 4.0 Evocations
 + Level 3.6 Shapeshifting


You had 17 spell levels left.
You knew the following spells:

 Your Spells              Type           Power      Damage    Failure   Level
a - Magic Dart            Conj           100%       1d8       1%          1
b - Searing Ray           Conj           72%        2d7       1%          2

Your spell library contained the following spells:

 Spells                   Type           Power      Damage    Failure   Level
 Dazzling Flash           Conj/Hex       54%        N/A       3%          3
 Volatile Blastmotes      Fire/Tloc      36%        2d13      9%          3
 Fulminant Prism          Conj/Alch      13%        3d8       11%         4
 Iskenderun's Mystic Bla  Conj/Tloc      27%        2d7       11%         4
 Starburst                Conj/Fire      13%        6d6       86%         6
 Maxwell's Capacitive Co  Air            9%         ∞         100%        8


Dungeon Overview and Level Annotations

Branches:
Dungeon (7/15)
 Temple: D:4-7

Altars:
Hepliaklqana
Okawaru
Xom
Yredelemnul
The Shining One

Annotations:
D:5 1 runed translucent door, Crazy Yiuf, Grinder


Innate Abilities, Weirdness & Mutations

You are a tree.
Your roots penetrate the ground, keeping you stationary.
You cannot be teleported.
You are immune to unholy pain and torment.
Your maximum health is greatly increased.
Your equipment is partially melded.
((You have very sharp teeth.))
Your uncanny sense of smell can sniff out nearby items.
Your experience applies equally to all skills.


Message History

Your Staves skill increases to level 4!
Your Ranged Weapons skill increases to level 4!
Your Throwing skill increases to level 4!
Your Armour skill increases to level 4!
Your Shields skill increases to level 4!
Your Unarmed Combat skill increases to level 4!
Your Evocations skill increases to level 4!
The searing ray hits the wyvern.
The wyvern is moderately wounded.
The searing ray misses the phantom.
The searing ray hits the gnoll.
The gnoll is moderately wounded.
The wyvern bites you. The wyvern bites you!
The searing ray hits the wyvern!
The wyvern is severely wounded.
The searing ray hits the phantom!
The phantom is heavily damaged.
The searing ray hits the gnoll!
The gnoll is almost dead.
The searing ray hits the gnoll.
The gnoll is moderately wounded.
The wyvern bites you!
The searing ray hits the wyvern!
The wyvern is almost dead.
The searing ray hits the phantom.
The phantom is severely damaged.
The searing ray misses the gnoll.
The searing ray hits the gnoll.
The gnoll is almost dead.
You finish channelling your searing ray.
The wyvern bites you!
* * * LOW HITPOINT WARNING * * *
The wyvern bites you!
* * * LOW HITPOINT WARNING * * *
An ogre comes into view. It is wielding a +0 giant spiked club.
It was a potion of lignification.
You turn into a tree.
Your +0 helmet melds into your body.
Your +0 pair of boots melds into your body.
The +0 ring mail of Beyond {rC++ MP+9 Int+3 Dex+3} melds into your body.
You feel your magic capacity decrease.
Your roots penetrate the ground.
The wyvern bites you!
You die...

#...# ∆.. ##.#.#
######... ########....#
#.....<.. #....#...####
#........ ##.##.....#
#<....... ##...###..##
#####(.....)#
##.....##†##
#.##......###
#.......#.#####..O.#...##
#..._...#.♣kWg...#...###
#.......#.###.g......#
##.....#####[.....#.##
##...##.........##.#
#####....##.....g.. ∆
###.............#....#
#.................#...
#........###.........
#..z.......#........


You could see a wyvern, an ogre (wandering), a phantom and 2 gnolls.

Vanquished Creatures
  Sigmund (D:2)
  Edmund (D:5)
  An ice beast (D:7)
  2 ogres
  A centaur (D:6)
  A kobold brigand (D:6)
  A bullfrog (D:7)
  2 scorpions
  2 wights
  3 howler monkeys
  A bombardier beetle (D:6)
  An orc priest (D:4)
  3 hounds
  A gnoll bouda (D:7)
  Jessica (D:3)
  A sleepcap (D:5)
  Terence (D:2)
  Natasha (thrice) (D:3)
  2 iguanas
  2 orc wizards
  A hound zombie (D:3)
  A howler monkey zombie (D:3)
  4 adders
  3 gnolls (D:6)
  A white imp (D:6)
  2 ufetubi (D:6)
  2 adder zombies (D:3)
  3 dart slugs
  3 ribbon worms
  12 orcs
  8 ball pythons
  7 bats
  4 endoplasms
  4 giant cockroaches
  8 hobgoblins
  10 jackals
  4 quokkas
  A frilled lizard (D:3)
  8 goblins
  18 kobolds
  A rat (D:1)
136 creatures vanquished.

Notes
Turn   | Place    | Note
-------+----------+-------------------------------------------
     0 | D:1      | monsoonserge the Gnoll Conjurer began the quest for the
                  | Orb.
     0 | D:1      | Reached XP level 1. HP: 13/13 MP: 6/6
    79 | D:1      | Reached XP level 2. HP: 19/19 MP: 3/7
    82 | D:1      | Learned a level 2 spell: Searing Ray
   361 | D:1      | You fall into a shaft and drop 1 floor!
   373 | D:2      | Identified the +0 ring mail of Beyond {rC++ MP+9 Int+3
                  | Dex+3}
   520 | D:1      | Reached skill level 5 in Spellcasting
   520 | D:1      | Reached XP level 3. HP: 25/25 MP: 9/9
  1041 | D:2      | Reached skill level 1 in Invocations
  1044 | D:2      | Noticed Sigmund
  1060 | D:2      | Killed Sigmund
  1061 | D:2      | Reached skill level 1 in Fighting
  1061 | D:2      | Reached skill level 1 in Short Blades
  1061 | D:2      | Reached skill level 1 in Long Blades
  1061 | D:2      | Reached skill level 1 in Axes
  1061 | D:2      | Reached skill level 1 in Maces & Flails
  1061 | D:2      | Reached skill level 1 in Polearms
  1061 | D:2      | Reached skill level 1 in Staves
  1061 | D:2      | Reached skill level 1 in Ranged Weapons
  1061 | D:2      | Reached skill level 1 in Throwing
  1061 | D:2      | Reached skill level 1 in Armour
  1061 | D:2      | Reached skill level 1 in Shields
  1061 | D:2      | Reached skill level 1 in Unarmed Combat
  1061 | D:2      | Reached skill level 1 in Hexes
  1061 | D:2      | Reached skill level 1 in Summonings
  1061 | D:2      | Reached skill level 1 in Necromancy
  1061 | D:2      | Reached skill level 1 in Translocations
  1061 | D:2      | Reached skill level 1 in Fire Magic
  1061 | D:2      | Reached skill level 1 in Ice Magic
  1061 | D:2      | Reached skill level 1 in Air Magic
  1061 | D:2      | Reached skill level 1 in Earth Magic
  1061 | D:2      | Reached skill level 1 in Alchemy
  1061 | D:2      | Reached skill level 1 in Evocations
  1061 | D:2      | Reached skill level 1 in Shapeshifting
  1061 | D:2      | Reached XP level 4. HP: 15/33 MP: 10/11
  1061 | D:2      | Reached XP level 5. HP: 18/38 MP: 10/12
  1389 | D:2      | Found a faded altar of an unknown god.
  1875 | D:3      | Noticed Jessica
  1880 | D:3      | Killed Jessica
  1881 | D:3      | Reached XP level 6. HP: 41/44 MP: 14/14
  1941 | D:3      | Noticed Terence
  1957 | D:2      | Killed Terence
  1958 | D:2      | Reached skill level 5 in Dodging
  2037 | D:3      | Found a basalt altar of Yredelemnul.
  2316 | D:3      | Noticed Natasha
  2319 | D:3      | Killed Natasha
  2385 | D:3      | Noticed Natasha
  2403 | D:3      | Killed Natasha
  2780 | D:3      | Noticed Natasha
  2785 | D:3      | Killed Natasha
  2786 | D:3      | Reached XP level 7. HP: 37/50 MP: 15/15
  3328 | D:4      | Reached skill level 5 in Stealth
  3638 | D:4      | Identified the +0 ring mail "Hellirri" {Dex+3}
  4080 | D:5      | Entered Level 5 of the Dungeon
  4363 | D:5      | Reached XP level 8. HP: 58/58 MP: 16/16
  4460 | D:5      | Found a glowing golden altar of the Shining One.
  4462 | D:5      | Noticed Edmund
  4477 | D:5      | Killed Edmund
  4635 | D:5      | Noticed Grinder
  4809 | D:5      | Found a runed translucent door.
  4810 | D:5      | Noticed Crazy Yiuf
  5215 | D:6      | Found an iron altar of Okawaru.
  5215 | D:6      | Found a hazy altar of Hepliaklqana.
  6211 | D:7      | Reached XP level 9. HP: 64/65 MP: 14/18
  6233 | D:7      | Found a shimmering altar of Xom.
  6270 | D:7      | Slain by a wyvern

Illustrated notes

Levels and vault maps discovered:
D:1:      psy_arrival_radial02, layout_rooms, chequers_serial_rivers_room_a
D:2:      layout_basic, shapermc_ecumenical_altar_mp_highgroup, uniq_sigmund
D:3:      layout_loops_cross, nicolae_yredelemnul_corpse_copse,
          minmay_surrounded, uniq_jessica, uniq_natasha, uniq_terence
D:4:      layout_loops_ring, serial_rivers, chequers_serial_rivers_micro_d,
          chequers_serial_rivers_large_a, chequers_serial_rivers_room_b,
          chequers_serial_rivers_small_a, chequers_avenue
D:5:      layout_gridville, mainiacjoe_overflow_catwalk, uniq_edmund,
          uniq_crazy_yiuf_cottage, uniq_grinder
D:6:      layout_basic, amethyst_overflow_temple_binary, palyth_stone_intersect,
          st_stairs_11, chequers_serial_rivers_large_b
D:7:      layout_rooms, lemuel_round_altar, minmay_temple_entry_grid,
          enter_bailey_8, grunt_decor_fettered

Skill      XL: |  1  2  3  4  5  6  7  8  9 |
---------------+----------------------------+-----
Spellcasting   | 5 6 |  6.4
Invocations    | 1 2 3 4 |  4.4
Fighting       | 1 2 3 4 |  4.0
Short Blades   | 1 2 3 4 |  4.0
Long Blades    | 1 2 3 4 |  4.0
Axes           | 1 2 3 4 |  4.0
Maces & Flails | 1 2 3 4 |  4.0
Polearms       | 1 2 3 4 |  4.0
Staves         | 1 2 3 4 |  4.0
Ranged Weapons | 1 2 3 4 |  4.0
Throwing       | 1 2 3 4 |  4.0
Armour         | 1 2 3 4 |  4.0
Shields        | 1 2 3 4 |  4.0
Unarmed Combat | 1 2 3 4 |  4.0
Hexes          | 1 2 3 |  3.2
Summonings     | 1 2 3 |  3.2
Necromancy     | 1 2 3 |  3.2
Translocations | 1 2 3 |  3.2
Fire Magic     | 1 2 3 |  3.2
Ice Magic      | 1 2 3 |  3.2
Air Magic      | 1 2 3 |  3.2
Earth Magic    | 1 2 3 |  3.2
Alchemy        | 1 2 3 |  3.2
Evocations     | 1 2 3 4 |  4.0
Shapeshifting  | 1 2 3 |  3.6
Dodging        | 5 6 |  6.1
Stealth        | 5 |  5.8
Conjurations   | |  7.9

Action                     |  1- 3 |  4- 6 |  7- 9 || total
---------------------------+-------+-------+-------++-------
  Melee: Dagger            |       |     6 |       ||     6
  Throw: Javelin           |       |     1 |       ||     1
   Cast: Magic Dart        |     8 |       |       ||     8
         Searing Ray       |    20 |    33 |    70 ||   123
    Use: Potion            |     1 |       |     1 ||     2
 Armour: Ring mail         |     4 |    33 |    61 ||    98
         Robe              |     1 |       |       ||     1
         Skin              |       |       |     1 ||     1
  Dodge: Dodged            |     3 |    19 |    45 ||    67
